 Dungeon Crawl Stone Soup version 0.28-a0-1406-ga8dd43b1d0 (webtiles) character file.

Game seed: 6650081991977694273

18291 Grim the Warrior (level 12, -9/178 HPs)
             Began as a Minotaur Berserker on Jan 4, 2022.
             Was a Priest of Trog.
             Mangled by a minotaur (27 damage)
             ... in a Gauntlet on Jan 5, 2022.
             The game lasted 00:22:57 (16136 turns).

Grim the Warrior (Minotaur Berserker)              Turns: 16136, Time: 00:22:58

Health: -9/178     AC: 24    Str: 23    XL:     12   Next: 26%
Magic:  11/11      EV: 12    Int: 13    God:    Trog [***...]
Gold:   870        SH:  0    Dex: 10    Spells: 11/11 levels left

rFire   . . .      SeeInvis .   J - +0 dire flail
rCold   . . .      Faith    .   (shield currently unavailable)
rNeg    . . .      Spirit   .   S - +9 ring mail of Bied {rCorr Int+5 Slay+3}
rPois   .          Reflect  .   (helmet restricted)
rElec   .          Harm     .   I - +0 cloak
rCorr   +          Rampage  .   (no gloves)
Will    .....      NoTele   +   g - +0 pair of boots
Stlth   ..........              (no amulet)
HPRegen 0.39/turn               j - ring of resist corrosion
MPRegen 0.12/turn               P - +4 ring of protection

@: berserking, very quick
A: horns 2, retaliatory headbutt
a: Renounce Religion, Berserk, Trog's Hand


You were in a Gauntlet.
You worshipped Trog.
Trog was most pleased with you.
You visited 1 branch of the dungeon, and saw 13 of its levels.
You also visited: Ossuary and Gauntlet.

You collected 870 gold pieces.

Inventory:

Hand Weapons
 l - a +1 flail of protection
 J - a +0 dire flail (weapon)
Missiles
 a - a throwing net
 m - 5 boomerangs (quivered)
 o - 91 poisoned darts
 C - 2 atropa-tipped darts
 U - a boomerang of dispersal
Armour
 g - a +0 pair of boots (worn)
 F - a +0 chain mail
 H - the -5 cloak of the Tundras {Str+4}
   (You found it in a Gauntlet)

   Str:       It affects your strength (+4).
 I - a +0 cloak (worn)
 N - a +4 chain mail
 S - the +9 ring mail of Bied (worn) {rCorr Int+5 Slay+3}
   (You found it on level 11 of the Dungeon)

   Int:       It affects your intelligence (+5).
   Slay:      It affects your accuracy & damage with ranged weapons and melee
   (+3).
   rCorr:     It protects you from acid and corrosion.
Jewellery
 e - a ring of magical power
 f - a ring of magical power
 j - a ring of resist corrosion (left hand)
 E - a ring of magical power
 K - a ring of flight
 P - a +4 ring of protection (right hand)
 Q - an amulet of magic regeneration
 V - a +4 ring of protection
 X - a ring of protection from cold
Wands
 h - a wand of flame (45)
 n - a wand of acid (5)
 D - a wand of polymorph (10)
 L - a wand of iceblast (6)
 M - a wand of digging (3)
Scrolls
 c - 2 scrolls of vulnerability {unknown}
 d - 2 scrolls of blinking
 k - 5 scrolls of enchant armour
 p - 3 scrolls of fog
 r - 3 scrolls of teleportation
 y - 3 scrolls of noise
 z - 2 scrolls of magic mapping {unknown}
 A - 3 scrolls of enchant weapon {unknown}
 O - a scroll of immolation
 T - a scroll of fear
Potions
 b - 3 potions of lignification {unknown}
 i - a potion of attraction {unknown}
 q - 2 potions of resistance
 s - 3 potions of heal wounds
 t - 2 potions of brilliance
 u - a potion of cancellation {unknown}
 v - a potion of ambrosia
 w - 2 potions of degeneration {unknown}
 x - 5 potions of curing
 B - 2 potions of flight {unknown}
 G - 2 potions of magic {unknown}
 R - a potion of berserk rage {unknown}
 W - a potion of mutation {unknown}


   Skills:
 - Level 15.1 Fighting
 - Level 14.1 Maces & Flails
 + Level 13.1 Armour
 + Level 4.5 Dodging


You had 11 spell levels left.
You didn't know any spells.
Your spell library was empty.

Dungeon Overview and Level Annotations

Branches:
Dungeon (13/15)            Temple (0/1) D:4            Lair (0/6) D:11
    Orc (0/2) D:12        Ossuary (visited)         Gauntlet (1/1)
 Vaults: D:13-14

Altars:
Cheibriados
Dithmenos
Hepliaklqana
Kikubaaqudgha
Qazlal
Sif Muna
Wu Jian
Yredelemnul
Zin
The Shining One

Shops:
D:1 =(   D:3 *

Annotations:
D:12 2 runed translucent doors Gauntlet 8 transporters, 3 runed translucent doors


Innate Abilities, Weirdness & Mutations

You have a pair of horns on your head.
You reflexively headbutt those who attack you in melee.


Message History

A minotaur comes into view.
It is wielding the +10 rapier of Destiny {vorpal, *Rage rN++ Will+ Str+3}, wearing an orb of wrath and quivering silver javelins.
The minotaur bellows!
Found a battleaxe.
Found a gate leading back out of this place.
A red film seems to cover your vision as you go berserk!
You feel yourself moving faster!
You feel mighty!
The minotaur goes berserk!
The minotaur hits you but does no damage.
The minotaur gores you but does no damage.
You sock the minotaur!
You headbutt the minotaur, but do no damage.
The minotaur is lightly wounded.
You bludgeon the minotaur!! The minotaur blocks your attack.
The minotaur is moderately wounded.
The minotaur hits you with the +10 rapier of Destiny {vorpal, *Rage rN++ Will+ Str+3}!!!
The minotaur gores you but does no damage.
The minotaur blocks your attack.
The minotaur is moderately wounded.
The minotaur hits you with the +10 rapier of Destiny {vorpal, *Rage rN++ Will+ Str+3}.
The minotaur barely misses you.
You barely miss the minotaur.
You headbutt the minotaur, but do no damage.
The minotaur is moderately wounded.
You puncture the minotaur!
The minotaur is moderately wounded.
The minotaur hits you with the +10 rapier of Destiny {vorpal, *Rage rN++ Will+ Str+3}!
* * * LOW HITPOINT WARNING * * *
x2 The minotaur gores you!
* * * LOW HITPOINT WARNING * * *
You closely miss the minotaur. The minotaur blocks your attack.
The minotaur is moderately wounded.
The minotaur hits you with the +10 rapier of Destiny {vorpal, *Rage rN++ Will+ Str+3}!!!
* * * LOW HITPOINT WARNING * * *
x2 The minotaur gores you!
* * * LOW HITPOINT WARNING * * *
The minotaur blocks your attack.
The minotaur is moderately wounded.
You thump the minotaur! You headbutt the minotaur!
The minotaur is heavily wounded.
The minotaur hits you with the +10 rapier of Destiny {vorpal, *Rage rN++ Will+ Str+3}!!
You die...

#########≈..#h+...
#...##.###..######
#.#.##..##........
#.#......#..######
#.#.##...#..#W..#. ###+
#...##.©.#8.#W#.#.
#..⌠.##.#.##...#..#.#.#.
+⌠....H.#....©.#∩.#©##©#
#...∩##@#.##...#..#.#W#.
#.⌠ #...##.©.#8.#.#.#. #
#.#.##...#..#...#.
#.#......#..######
#.#.##..##........ #..
#.###..###### ###
####≈..#4.... ##..#=###.
#≈..#?^.##


You could see a minotaur (berserk).

Vanquished Creatures
  A hydra (D:11)
  6 two-headed ogres
  A cyclops (D:11)
  A komodo dragon (D:11)
  An efreet (D:13)
  2 kobold demonologists (D:11)
  A freezing wraith (D:10)
  Psyche (D:8)
  2 trolls
  11 slime creatures
  A centaur simulacrum (Gauntlet)
  4 shadows
  A wraith (D:11)
  A water elemental (D:11)
  A wyvern (D:8)
  15 yaks
  2 vampires
  A steam dragon (D:7)
  A hog (shapeshifter) (D:13)
  2 wargs (D:12)
  A hydra simulacrum (Gauntlet)
  An acid dragon (D:12)
  3 water moccasins (D:7)
  11 orc warriors
  A sky beast (D:5)
  2 black bears
  4 ogres
  4 centaurs
  A phantom (D:5)
  4 kobold brigands
  4 bullfrogs
  A gnoll sergeant (D:11)
  2 scorpions (D:11)
  A wyvern skeleton (D:6)
  7 electric eels
  2 centaur zombies
  2 jellies (Gauntlet)
  A bullfrog skeleton (D:5)
  A centaur skeleton (D:5)
  9 orc priests
  2 gnoll shamans
  5 hounds
  6 orc wizards
  Ijyb (D:4)
  3 iguanas
  A killer bee zombie (D:8)
  3 mummies (Ossuary)
  A howler monkey zombie (D:9)
  11 gnolls
  9 adders
  A howler monkey skeleton (D:4)
  2 white imps (D:7)
  An ufetubus (D:4)
  2 adder zombies (Ossuary)
  2 worms (D:2)
  A dart slug (D:4)
  34 orcs
  7 endoplasms
  3 giant cockroaches
  7 hobgoblins
  6 jackals
  5 ball pythons
  4 bats
  2 frilled lizards
  A gnoll zombie (Ossuary)
  6 goblins
  A goblin zombie (Ossuary)
  4 hobgoblin zombies (Ossuary)
  15 kobolds
  2 kobold zombies (Ossuary)
  4 quokka zombies (Ossuary)
  4 rats
  4 rat zombies (Ossuary)
278 creatures vanquished.

Vanquished Creatures (others)
  A kobold (D:10)
  6 fungi (D:11)
  21 plants
  A withered plant (Gauntlet)
29 creatures vanquished.

Grand Total: 307 creatures vanquished

Notes
Turn   | Place    | Note
-------+----------+-------------------------------------------
     0 | D:1      | Grim the Minotaur Berserker began the quest for the Orb.
     0 | D:1      | Reached XP level 1. HP: 19/19 MP: 0/0
    95 | D:1      | Reached XP level 2. HP: 16/26 MP: 1/1
   406 | D:1      | Found Ximnemaxt's Jewellery Boutique.
   510 | D:1      | Reached skill level 5 in Maces & Flails
   510 | D:1      | Reached XP level 3. HP: 13/31 MP: 2/2
   751 | D:1      | Found Kaehaisu's Weapon Boutique.
  1655 | D:2      | Reached XP level 4. HP: 33/39 MP: 3/3
  2100 | D:2      | Reached ** piety under Trog
  2346 | D:3      | Found Fidomune's Assorted Antiques.
  2628 | D:3      | Reached XP level 5. HP: 40/45 MP: 4/4
  2748 | D:3      | Found a faded altar of an unknown god.
  3079 | D:4      | Found a sand-covered staircase.
  3089 | Ossuary  | Entered an ossuary
  3376 | Ossuary  | Reached *** piety under Trog
  3504 | D:4      | Noticed an ogre
  3509 | D:4      | Killed an ogre
  3510 | D:4      | Reached XP level 6. HP: 51/51 MP: 5/5
  3647 | D:4      | Noticed Ijyb
  3651 | D:4      | Upgraded the game from 0.28-a0-1395-g4f6bc678fa to
                  | 0.28-a0-1406-ga8dd43b1d0
  3752 | D:4      | Killed Ijyb
  3894 | D:4      | Found a staircase to the Ecumenical Temple.
  4120 | D:4      | Found a glowing golden altar of the Shining One.
  4412 | D:5      | Entered Level 5 of the Dungeon
  4412 | D:5      | Noticed a two-headed ogre
  4416 | D:5      | Killed a two-headed ogre
  4417 | D:5      | Reached XP level 7. HP: 57/57 MP: 6/6
  4492 | D:5      | Reached skill level 4 in Fighting
  4492 | D:5      | Reached XP level 8. HP: 66/66 MP: 7/7
  4814 | D:5      | Found a basalt altar of Yredelemnul.
  4814 | D:5      | Found a snail-covered altar of Cheibriados.
  4822 | D:5      | Found a glowing silver altar of Zin.
  4824 | D:5      | Found an ornate altar of the Wu Jian Council.
  4826 | D:5      | Found a stormy altar of Qazlal.
  4866 | D:5      | Reached skill level 5 in Fighting
  5252 | D:6      | Reached skill level 6 in Fighting
  5718 | D:6      | Reached skill level 7 in Fighting
  6511 | D:7      | Reached XP level 9. HP: 51/79 MP: 8/8
  6791 | D:7      | Found an ancient bone altar of Kikubaaqudgha.
  7032 | D:7      | Reached skill level 8 in Fighting
  7478 | D:7      | Noticed a two-headed ogre
  7568 | D:7      | Found a shimmering blue altar of Sif Muna.
  7852 | D:7      | Found a hazy altar of Hepliaklqana.
  8325 | D:8      | Reached skill level 9 in Fighting
  9259 | D:8      | Noticed Psyche
  9262 | D:8      | Killed Psyche
  9526 | D:8      | Reached skill level 10 in Fighting
  9988 | D:10     | Entered Level 10 of the Dungeon
 10104 | D:10     | Reached XP level 10. HP: 93/93 MP: 9/9
 10236 | D:10     | Reached skill level 5 in Armour
 10546 | D:10     | Reached skill level 11 in Fighting
 10980 | D:10     | Found a shadowy altar of Dithmenos.
 11769 | D:11     | Noticed a two-headed ogre
 11786 | D:11     | Killed a two-headed ogre
 11787 | D:11     | Reached skill level 12 in Fighting
 11829 | D:11     | Noticed a cyclops
 11945 | D:11     | Noticed a two-headed ogre
 11957 | D:11     | Killed a cyclops
 11962 | D:11     | Killed a two-headed ogre
 11962 | D:11     | Noticed a two-headed ogre
 11963 | D:11     | Reached XP level 11. HP: 106/106 MP: 10/10
 11968 | D:11     | Killed a two-headed ogre
 11969 | D:11     | Reached skill level 13 in Fighting
 12177 | D:11     | Noticed a two-headed ogre
 12515 | D:11     | Killed a two-headed ogre
 12516 | D:11     | Reached skill level 10 in Armour
 13067 | D:11     | Identified the +9 ring mail of Bied {rCorr Int+5 Slay+3}
 13241 | D:11     | Noticed an eight-headed hydra
 13250 | D:11     | Killed an eight-headed hydra
 13280 | D:11     | Reached skill level 14 in Fighting
 13423 | D:11     | Found a staircase to the Lair.
 13661 | D:12     | Reached **** piety under Trog
 14158 | D:12     | Found a staircase to the Orcish Mines.
 14404 | D:12     | Noticed a two-headed ogre
 14411 | D:12     | Killed a two-headed ogre
 14412 | D:12     | Reached skill level 15 in Fighting
 14412 | D:12     | Reached XP level 12. HP: 116/119 MP: 11/11
 14513 | D:12     | Found a runed translucent door.
 14527 | D:12     | Found a runed translucent door.
 14527 | D:12     | Noticed a merfolk impaler
 14527 | D:12     | Noticed a merfolk avatar
 14544 | D:12     | Found a runed translucent door.
 15386 | D:13     | Found a gate leading to a gauntlet.
 15396 | Gauntlet | Entered a Gauntlet
 15396 | Gauntlet | Noticed a catoblepas
 15396 | Gauntlet | Found a transporter.
 15396 | Gauntlet | Found a transporter.
 15413 | Gauntlet | Found a transporter.
 15426 | Gauntlet | Found a transporter.
 15426 | Gauntlet | Found a transporter.
 15426 | Gauntlet | Found a transporter.
 15428 | Gauntlet | Found a transporter.
 15428 | Gauntlet | Found a transporter.
 15444 | Gauntlet | Found a transporter.
 15451 | Gauntlet | Found a runed translucent door.
 15458 | Gauntlet | Found a transporter.
 15468 | Gauntlet | Found a transporter.
 15469 | Gauntlet | Noticed a green death
 15485 | Gauntlet | Found a transporter.
 15507 | Gauntlet | Found a transporter.
 15509 | Gauntlet | Found a runed translucent door.
 15517 | Gauntlet | Found a runed translucent door.
 15521 | Gauntlet | Found a transporter.
 15646 | Gauntlet | Identified the +0 helmet of Noom {Dex+5}
 16098 | Gauntlet | Identified the -5 cloak of the Tundras {Str+4}
 16126 | Gauntlet | Identified the +10 rapier of Destiny {vorpal, *Rage rN++
                  | Will+ Str+3}
 16126 | Gauntlet | Noticed a minotaur
 16136 | Gauntlet | Mangled by a minotaur

Illustrated notes

Levels and vault maps discovered:
D:1:      dpeg_arrival_long_road, layout_loops_ring, serial_shops,
          nicolae_diamond_shop, shop
D:2:      layout_loops_cross
D:3:      layout_basic, serial_shops, nicolae_shop_stone, basic_ecumenical_altar
D:4:      layout_loops_ring, mainiacjoe_overflow_small_starburst,
          minmay_temple_entry_hall, lightli_ossuary_entry_decrepit_ruins,
          corexii_checkpoint_b, nrook_loot_triangle, minmay_misc_feat_iff,
          grunt_decor_fettered, kennysheep_generic_room_2, uniq_ijyb
D:5:      layout_loops_cross, chequers_temple_overflow_minitemple, minivault_19
D:6:      layout_loops_ring, nrook_uturn, grunt_decor_one_mirror,
          dk_rats_in_the_wall
D:7:      layout_basic, nzn_hepliaklqana_mist_gate, kennysheep_mini_moat,
          mainiacjoe_overflow_alcove_4, st_stairs_2, lightli_corner_chamber
D:8:      layout_gridville, st_stairs_5, uniq_psyche
D:9:      layout_basic
D:10:     layout_basic, general_overflow_altar, serial_bayou,
          serial_bayou_lake_a, serial_bayou_shore_a, serial_bayou_crossing,
          serial_bayou_pond_a, kennysheep_doodads
D:11:     layout_basic, grunt_lair_entry_orc_guard_hut, minmay_crystal_room
D:12:     layout_rooms, erik_orc_3, mikee_hates_you
D:13:     evilmike_iron_armoury, layout_irregular_city,
          lightli_vaults_fourway_checkpoint, gauntlet_entry_generic
Gauntlet: gammafunk_gauntlet_mixed_choke_point
          [minmay_gauntlet_arena_77_block_sizes,
          minmay_gauntlet_arena_77_braids, minmay_gauntlet_arena_77_cramped,
          nicolae_gauntlet_arena_flowing_pool, minmay_gauntlet_arena_77_path,
          minmay_gauntlet_arena_77_two_paths, minmay_gauntlet_arena_77_mirror,
          gauntlet_exit_hidden_loot]

Skill      XL: |  1  2  3  4  5  6  7  8  9 10 11 12 |
---------------+-------------------------------------+-----
Maces & Flails | 4 5 7 8 11 12 14 | 14.1
Fighting       | 4 7 10 12 15 | 15.1
Armour         | 4 9 12 13 | 13.1
Dodging        | 4 |  4.5

Action                   |  1- 3 |  4- 6 |  7- 9 | 10-12 || total
-------------------------+-------+-------+-------+-------++-------
Melee: Mace              |    53 |    18 |       |       ||    71
       Headbutt          |     8 |    16 |    32 |    91 ||   147
       Flail             |       |    92 |   179 |       ||   271
       Punch             |       |       |     1 |       ||     1
       Dire flail        |       |       |    75 |   410 ||   485
Throw: Boomerang         |       |       |       |     6 ||     6
Invok: Berserk           |     1 |     6 |     9 |    16 ||    32
       Trog's Hand       |       |     1 |     3 |     3 ||     7
  Use: Scroll            |       |       |     5 |     9 ||    14
       Potion            |       |       |       |     4 ||     4
 Stab: Distracted        |       |       |       |     1 ||     1
Armor: Animal skin       |     3 |     1 |       |       ||     4
       Ring mail         |       |    36 |    13 |    99 ||   148
       Chain mail        |       |       |   119 |    70 ||   189
Dodge: Dodged            |    25 |    67 |    79 |   124 ||   295

Table legend: (Time is in decaauts)
 A = Elapsed time spent in this place.
 B = Non-inter-level travel time spent in this place.
 C = Inter-level travel time spent in this place.
 D = Time resting spent in this place.
 E = Time spent auto-exploring this place.
 F = Levels seen in this place.
 G = Mean time per level.
                   A        B        C        D        E       F      G
               +--------+--------+--------+--------+--------+-----+--------+
         Total |  16254 |  15753 |    501 |   6075 |   7672 |  15 | 1083.6 |
       Dungeon |  15144 |  14643 |    501 |   5377 |   7494 |  13 | 1164.9 |
       Ossuary |    361 |    361 |      0 |    193 |     94 |   1 |  361.0 |
      Gauntlet |    748 |    748 |      0 |    504 |     84 |   1 |  748.0 |
               +--------+--------+--------+--------+--------+-----+--------+

Top non-repeatable levels by time:
    D:10: 2097 daAuts
     D:8: 1606 daAuts
    D:11: 1589 daAuts
    D:12: 1587 daAuts
     D:6: 1394 daAuts
     D:7: 1308 daAuts
     D:1: 1163 daAuts
     D:4: 1082 daAuts
     D:2: 1067 daAuts
     D:5: 846 daAuts
     D:3: 797 daAuts
Gauntlet: 748 daAuts
     D:9: 439 daAuts
 Ossuary: 361 daAuts
    D:13: 164 daAuts
